 Dungeon Crawl Stone Soup version 0.23.0-3-gf3c87f2 (webtiles) character file.

Game seed: 4807771374127171845

343 sking99 the Ruffian (level 6, -2/51 HPs)
             Began as a Draconian Transmuter on Feb 24, 2019.
             Was a Follower of Yredelemnul.
             Slain by Duvessa
             ... wielding a +0 short sword of draining
              (10 damage)
             ... on level 4 of the Dungeon.
             The game lasted 00:11:25 (5749 turns).

sking99 the Ruffian (Draconian Transmuter)          Turns: 5749, Time: 00:11:25

Health: -2/51      AC:  8    Str: 12    XL:     6   Next: 31%
Magic:  9/9        EV: 11    Int: 16    God:    Yredelemnul [*.....]
Gold:   187        SH:  0    Dex: 11    Spells: 6/9 levels left

rFire    . . .     SeeInvis .     - Unarmed
rCold    . . .     Gourm    .   (no shield)
rNeg     . . .     Faith    .   (armour unavailable)
rPois    .         Spirit   .   (helmet restricted)
rElec    .         Reflect  .   (no cloak)
rCorr    .         Harm     .   q - +1 pair of gloves
MR       .....                  (no boots)
Stlth    +.........             (no amulet)
HPRegen  0.17/turn              (no ring)
MPRegen  0.11/turn              (no ring)

@: very heavily drained
A: unfitting armour, cold-blooded, AC +6
a: Animate Remains, Renounce Religion


You were on level 4 of the Dungeon.
You worshipped Yredelemnul.
Yredelemnul was aware of your devotion.
You were hungry.

You visited 1 branch of the dungeon, and saw 4 of its levels.

You collected 187 gold pieces.

Inventory:

Missiles
 a - 7 arrows (quivered)
 l - a throwing net
Armour
 q - a +1 pair of gloves (worn)
Jewellery
 n - a cursed ring of protection from fire {unknown}
 o - an uncursed ring of poison resistance {unknown}
 r - an uncursed ring of stealth {unknown}
Wands
 m - a wand of acid (1)
Scrolls
 e - 3 scrolls of enchant weapon
 g - 4 scrolls of teleportation
 i - a scroll of fog {unknown}
 j - a scroll of remove curse {unknown}
 k - 3 scrolls of enchant armour
Potions
 b - a potion of mutation
 h - a potion of curing {unknown}
Comestibles
 c - 5 rations


   Skills:
 + Level 3.3(0.0) Fighting
 + Level 3.1(0.0) Dodging
 * Level 5.1(1.1) Unarmed Combat
 - Level 2.0(0.0) Spellcasting
 + Level 3.2(0.0) Transmutations


You had 6 spell levels left.
You knew the following spells:

 Your Spells              Type           Power        Failure   Level  Hunger
a - Beastly Appendage     Tmut           #.....       26%         1    ##.....
b - Sticks to Snakes      Tmut           #.......     36%         2    ###....

Your spell library contained the following spells:

 Spells                   Type           Power        Failure   Level  Hunger
 Spider Form              Tmut/Pois      #.........   58%         3    ####...
 Ice Form                 Ice/Tmut       #.......     94%         4    #####..
 Blade Hands              Tmut           #.........   100%        5    ######.


Dungeon Overview and Level Annotations

Branches:
Dungeon (4/15)
 Temple: D:4-7

Altars:
Cheibriados
Hepliaklqana
Kikubaaqudgha
Qazlal
Yredelemnul

Annotations:
D:3 Purgy
D:4 Dowan, Duvessa


Innate Abilities, Weirdness & Mutations

Your plain brown scales are hard. (AC +6)
You cannot fit into any form of body armour.
You are cold-blooded and may be slowed by cold attacks.


Message History

You hit Duvessa but do no damage.
Duvessa is almost dead.
Duvessa closely misses you.
You hit Duvessa.
Your tail-slap misses Duvessa.
Duvessa is almost dead.
Duvessa barely misses you.
You barely miss Duvessa.
Duvessa is almost dead.
Dowan throws and catches a handful of magical flame, then smirks.
Duvessa hits you with a +0 short sword of draining.
* * * LOW HITPOINT WARNING * * *
You feel drained.
* * * LOW HITPOINT WARNING * * *
You hit Duvessa.
Duvessa is almost dead.
Dowan says, "Magic and the sword, together, will defeat you."
Dowan hits you but does no damage.
Duvessa hits you with a +0 short sword of draining!
You die...
Your body rises from the dead as a mindless zombie.

#.......#.# #.#
#.......#.# #.#
#.......#.# #.# #
#.......#.# #.#
#####.##.......#.#
#.#
....#........###.#
#.# ..#.####.#####
#.#####.# #.#.# #.#
#e#.....# ..#.#
#)#######@#.#####
..#.####)##....e...#
..'................#
..##...............#
..##...............#
..#......##........#
..#......##........#
#e#......##....#'#.#
#........##....#.#.#


You could see Duvessa and Dowan.

Vanquished Creatures
  A phantom (D:4)
  An orc priest (D:3)
  A worker ant (D:4)
  4 adders
  4 gnolls
  4 worms
  A dart slug (D:2)
  4 leopard geckos
  8 orcs (D:3)
  6 giant cockroaches
  10 hobgoblins
  6 jackals (D:1)
  6 kobolds
  2 quokkas
  17 bats
  4 frilled lizards
  6 goblins
  8 rats
93 creatures vanquished.

Vanquished Creatures (collateral kills)
  Ijyb (D:3)
1 creature vanquished.

Vanquished Creatures (others)
  A gnoll skeleton (D:4)
  A gnoll zombie (D:4)
2 creatures vanquished.

Grand Total: 96 creatures vanquished

Notes
Turn   | Place    | Note
-------+----------+-------------------------------------------
     0 | D:1      | sking99 the Draconian Transmuter began the quest for the
                  | Orb.
     0 | D:1      | Reached XP level 1. HP: 16/16 MP: 3/3
   272 | D:1      | Reached XP level 2. HP: 13/23 MP: 3/5
  1038 | D:1      | Reached XP level 3. HP: 25/29 MP: 3/6
  1070 | D:1      | Learned a level 2 spell: Sticks to Snakes
  2322 | D:2      | Found an ancient bone altar of Kikubaaqudgha.
  2453 | D:2      | Found a basalt altar of Yredelemnul.
  2471 | D:2      | Reached XP level 4. HP: 35/36 MP: 7/7
  2531 | D:2      | Found a snail-covered altar of Cheibriados.
  2543 | D:2      | Reached skill level 4 in Unarmed Combat
  2850 | D:2      | Became a worshipper of Yredelemnul the Dark
  3082 | D:3      | Found a hazy altar of Hepliaklqana.
  3225 | D:3      | Noticed Purgy
  3951 | D:3      | Reached XP level 5. HP: 14/42 MP: 6/8
  3954 | D:3      | Reached * piety under Yredelemnul
  4625 | D:3      | Noticed Ijyb
  4662 | D:3      | Killed Ijyb
  4921 | D:3      | Noticed an air elemental
  4924 | D:3      | Found a stormy altar of Qazlal.
  4925 | D:3      | Noticed a water elemental
  4925 | D:3      | Noticed a fire elemental
  5432 | D:4      | Noticed a phantom
  5460 | D:4      | Killed a phantom
  5460 | D:4      | Reached skill level 5 in Unarmed Combat
  5460 | D:4      | Reached XP level 6. HP: 17/51 MP: 9/9
  5673 | D:4      | Noticed Dowan
  5679 | D:4      | Noticed Duvessa
  5749 | D:4      | Slain by Duvessa

Skill      XL: |  1  2  3  4  5 |
---------------+----------------+-----
Dodging        | 2 3 |  3.1
Fighting       | 2 3 |  3.3
Unarmed Combat | 4 5 |  5.1
Transmutations | 3 |  3.2
Spellcasting   | |  2.0

Action                   |  1- 3 |  4- 6 || total
-------------------------+-------+-------++-------
Melee: Unarmed           |   202 |   256 ||   458
       Headbutt          |     2 |     6 ||     8
       Tailslap          |    18 |    21 ||    39
       Kick              |     8 |    16 ||    24
       Punch             |     4 |     3 ||     7
 Cast: Beastly Appendage |     8 |    15 ||    23
       Sticks to Snakes  |     2 |     3 ||     5
Invok: Animate Remains   |       |     3 ||     3
  Use: Potion            |     1 |     1 ||     2
       Scroll            |       |     5 ||     5
 Stab: Sleeping          |       |     1 ||     1
  Eat: Chunk             |     5 |     8 ||    13
       Ration            |       |     1 ||     1
Armor: Skin              |   102 |    55 ||   157
Dodge: Dodged            |   197 |   141 ||   338
